Map: Galactic Process LE

Players

Bails

  • Race: Protoss Protoss
  • League: Grandmaster

True - Winner!

  • Race: Zerg Zerg
  • League: Grandmaster

Event: Cheesadelphia Summer 2016

VOD

Have the link to the VOD?

Description

Time

  • Played on: July 24, 2016, 5:46 p.m.
  • Length: 11:28

All games in this series

Show
View Real Time Build Order
Export as new Build Order

Bails Protoss 

Build Orders: Nexus First, Zealot Archon 

Get SALT Encoding   

  12  0:00  Probe (Chrono Boost)  
  13  0:11  Probe (Chrono Boost)  
  14  0:19  Pylon  
  14  0:22  Probe (Chrono Boost)  
  15  0:37  Probe (Chrono Boost)  
  16  0:47  Probe (Chrono Boost)  
  17  1:02  Nexus  
  17  1:14  Gateway  
  17  1:16  Probe (Chrono Boost)  
  18  1:23  Assimilator  
  18  1:27  Assimilator  
  18  1:29  Probe (Chrono Boost)  
  19  1:40  Probe (Chrono Boost)  
  19  1:44  Gateway  
  20  1:50  Probe (Chrono Boost)  
  21  2:01  Cybernetics Core  
  21  2:03  Probe (Chrono Boost)  
  22  2:13  Probe (Chrono Boost)  
  22  2:14  Probe (Chrono Boost)  
  24  2:24  Probe (Chrono Boost)  
  24  2:25  Probe (Chrono Boost)  
  26  2:34  Probe (Chrono Boost)  
  26  2:35  Probe (Chrono Boost)  
  28  2:37  Adept x2  
  28  2:43  Pylon  
  32  2:45  Warp Gate  
  32  2:48  Probe (Chrono Boost)  
  32  2:50  Probe (Chrono Boost)  
  34  2:58  Probe (Chrono Boost)  
  34  3:01  Probe (Chrono Boost)  
  34  3:04  Adept  
  38  3:06  Adept  
  38  3:10  Probe (Chrono Boost)  
  41  3:14  Probe (Chrono Boost)  
  41  3:15  Pylon  
  42  3:21  Mothership Core (Chrono Boost)  
  42  3:25  Probe (Chrono Boost)  
  45  3:27  Pylon  
  45  3:33  Sentry  
  49  3:34  Sentry  
  49  3:35  Probe (Chrono Boost)  
  49  3:39  Probe (Chrono Boost)  
  51  3:46  Probe (Chrono Boost)  
  52  3:51  Nexus  
  52  3:55  Pylon  
  52  4:00  Probe (Chrono Boost), Sentry x2  
  58  4:02  Probe (Chrono Boost)  
  58  4:10  Probe (Chrono Boost)  
  58  4:13  Probe (Chrono Boost)  
  58  4:15  Pylon  
  60  4:19  Robotics Facility  
  60  4:21  Probe (Chrono Boost)  
  60  4:23  Probe (Chrono Boost), Assimilator  
  62  4:31  Probe (Chrono Boost)  
  62  4:34  Probe (Chrono Boost)  
  64  4:38  Assimilator  
  64  4:39  Forge  
  64  4:41  Gateway  
  64  4:42  Probe (Chrono Boost)  
  64  4:45  Probe (Chrono Boost)  
  66  4:48  Twilight Council  
  67  4:53  Probe (Chrono Boost)  
  67  4:55  Probe (Chrono Boost)  
  67  4:59  Protoss Ground Weapons Level 1  
  68  5:03  Probe (Chrono Boost)  
  68  5:04  Probe (Chrono Boost), Immortal  
  71  5:07  Probe (Chrono Boost)  
  71  5:12  Blink  
  71  5:14  Probe x2 (Chrono Boost), Sentry  
  74  5:17  Pylon  
  74  5:19  Probe (Chrono Boost)  
  78  5:24  Pylon  
  78  5:25  Probe (Chrono Boost)  
  78  5:26  Probe (Chrono Boost)  
  80  5:31  Probe (Chrono Boost)  
  80  5:32  Assimilator  
  81  5:36  Assimilator  
  81  5:37  Probe (Chrono Boost)  
  81  5:38  Probe (Chrono Boost)  
  81  5:39  Immortal  
  81  5:41  Gateway  
  83  5:48  Gateway  
  87  5:50  Pylon  
  87  5:52  Probe (Chrono Boost)  
  87  5:53  Probe (Chrono Boost)  
  87  5:55  Sentry x2  
  94  5:58  Probe (Chrono Boost)  
  94  6:01  Photon Cannon  
  95  6:04  Probe (Chrono Boost)  
  95  6:06  Probe (Chrono Boost)  
  95  6:10  Probe (Chrono Boost)  
  97  6:16  Warp Prism  
  97  6:17  Probe (Chrono Boost), Templar Archives  
  99  6:18  Probe (Chrono Boost)  
  99  6:20  Gateway  
  99  6:22  Gateway  
  101  6:28  Pylon  
  101  6:35  Pylon  
  101  6:38  Protoss Ground Weapons Level 2, Photon Cannon, Stalker x3  
  101  6:39  Sentry  
  109  6:49  Observer  
  109  6:50  Gateway  
  109  6:52  Gateway  
  110  7:06  Adept, Photon Cannon  
  112  7:08  Stalker x2  
  112  7:12  Stalker  
  118  7:19  Stalker  
  118  7:21  Probe (Chrono Boost)  
  118  7:22  Probe (Chrono Boost)  
  122  7:39  High Templar x4  
  122  7:40  Adept  
  122  7:43  Archon  
  122  7:44  Archon  
  132  7:46  Archon x2  
  132  7:47  Pylon x2  
  132  7:50  Nexus  
  132  7:51  Pylon  
  132  8:04  Pylon  
  132  8:07  Stalker x2  
  132  8:08  Stalker x3  
  142  8:15  Zealot x3  
  148  8:21  Stalker  
  118  8:29  Probe (Chrono Boost)  
  118  8:30  Probe (Chrono Boost), Pylon  
  118  8:33  Stalker x4  
  118  8:34  Stalker  
  130  8:40  Adept x3  
  120  8:54  Pylon  
  120  8:56  High Templar x2  
  120  8:58  Stalker x3  
  120  8:59  Zealot  
  120  9:00  Archon  
  132  9:05  Photon Cannon  
  132  9:06  Photon Cannon  
  132  9:08  Pylon  
  130  9:16  Photon Cannon  
  128  9:17  Photon Cannon x2  
  128  9:21  Photon Cannon, High Templar x2  
  128  9:22  Photon Cannon  
  116  9:25  Archon, Photon Cannon  
  70  9:32  Probe (Chrono Boost)  
  70  9:33  Probe (Chrono Boost), Stalker x4  
  63  9:54  Photon Cannon  
  59  10:13  Probe (Chrono Boost)  
  48  10:51  Pylon  
Show
View Real Time Build Order
Export as new Build Order

True Zerg - Winner!

Build Orders: Hatch First, Muta Ling Bane 

Get SALT Encoding   

  12  0:00  Drone  
  13  0:08  Drone  
  14  0:33  Hatchery  
  13  0:37  Drone  
  14  0:45  Overlord  
  14  0:50  Extractor  
  14  0:51  Drone  
  15  1:03  Drone  
  15  1:04  Drone  
  17  1:10  Extractor  
  16  1:16  Spawning Pool  
  15  1:19  Drone  
  15  1:23  Drone  
  17  1:32  Drone  
  18  1:42  Drone  
  19  1:53  Hatchery  
  18  1:57  Drone  
  18  1:59  Drone  
  20  2:10  Metabolic Boost  
  20  2:12  Drone  
  21  2:17  Drone x2  
  21  2:22  Drone  
  24  2:24  Drone  
  24  2:29  Overlord  
  25  2:31  Drone  
  25  2:36  Drone  
  27  2:50  Queen x2  
  31  2:53  Zergling x2  
  31  2:56  Drone x2  
  31  2:57  Drone  
  35  3:04  Overlord  
  35  3:05  Queen  
  35  3:12  Drone x3  
  40  3:16  Overlord  
  40  3:26  Queen  
  40  3:27  Queen  
  40  3:30  Overlord  
  40  3:32  Drone  
  40  3:33  Drone  
  46  3:35  Drone  
  46  3:36  Drone  
  46  3:39  Drone  
  49  3:44  Drone x2  
  51  3:52  Drone x2  
  51  3:54  Drone  
  54  3:57  Hatchery  
  54  4:01  Drone  
  54  4:02  Drone x3  
  57  4:05  Overlord  
  57  4:07  Drone  
  58  4:10  Drone  
  58  4:13  Extractor  
  58  4:14  Extractor  
  58  4:15  Drone  
  58  4:20  Zergling x4  
  58  4:21  Zergling x4  
  58  4:24  Queen  
  64  4:26  Zergling x2  
  64  4:29  Zergling x4  
  68  4:31  Zergling x2  
  68  4:32  Overlord  
  68  4:33  Zergling x2  
  68  4:36  Overlord  
  69  4:40  Overlord  
  69  4:49  Overlord  
  69  4:51  Drone x4  
  69  4:52  Pneumatized Carapace  
  73  4:53  Drone  
  73  4:54  Evolution Chamber, Drone  
  73  4:55  Drone  
  73  4:56  Drone  
  73  5:10  Lair  
  73  5:11  Drone x3  
  73  5:12  Drone x3  
  79  5:15  Overlord  
  79  5:18  Zergling x8  
  79  5:20  Zerg Melee Weapons Level 1  
  83  5:21  Drone  
  83  5:22  Drone  
  83  5:26  Zergling x4  
  87  5:29  Zergling x6  
  87  5:31  Zergling x2  
  87  5:34  Zergling x2  
  87  5:35  Zergling x2  
  93  5:37  Overlord  
  93  5:39  Baneling Nest  
  92  5:48  Overlord  
  92  5:49  Drone x4  
  96  5:50  Overlord  
  96  5:51  Extractor, Zergling x4  
  96  5:52  Drone  
  96  5:53  Zergling x2  
  99  6:00  Drone x6  
  99  6:01  Drone x2  
  99  6:02  Zergling x2  
  108  6:05  Zergling x2  
  108  6:07  Zergling x2  
  108  6:10  Zergling x6  
  113  6:12  Overlord  
  113  6:16  Overseer  
  113  6:18  Overlord  
  112  6:19  Zergling x2  
  112  6:20  Zergling x2  
  112  6:22  Centrifical Hooks  
  114  6:31  Baneling x2  
  114  6:32  Baneling  
  114  6:35  Baneling x2  
  114  6:36  Baneling  
  114  6:41  Spire  
  114  6:42  Drone x4, Extractor  
  114  6:43  Extractor  
  114  6:44  Drone x4  
  114  6:46  Extractor  
  118  6:48  Extractor  
  118  6:53  Hatchery, Zergling x26  
  129  7:00  Overlord  
  129  7:06  Overlord  
  129  7:07  Zergling x6  
  132  7:08  Overlord  
  132  7:11  Zergling x4  
  132  7:12  Overlord  
  132  7:15  Overlord  
  134  7:16  Zergling x6  
  134  7:17  Zergling x2  
  134  7:18  Overlord  
  134  7:21  Overlord  
  136  7:25  Baneling, Zerg Melee Weapons Level 2  
  136  7:26  Baneling x13  
  133  7:31  Zergling x10  
  133  7:33  Zergling x2  
  133  7:34  Zergling x2  
  141  7:37  Zergling x2  
  141  7:38  Zergling x4  
  141  7:39  Zergling x6  
  141  7:40  Zergling x4  
  141  7:42  Zergling x4  
  141  7:44  Zergling x2  
  151  7:45  Zergling x2  
  151  7:46  Zergling x2  
  153  7:57  Mutalisk x4  
  161  7:59  Mutalisk  
  161  8:04  Mutalisk  
  165  8:06  Mutalisk x2  
  165  8:08  Mutalisk  
  171  8:14  Mutalisk  
  171  8:18  Mutalisk  
  158  8:21  Mutalisk  
  158  8:25  Zergling x2  
  158  8:26  Zergling x20  
  148  8:30  Mutalisk  
  148  8:31  Mutalisk  
  148  8:32  Zergling x10  
  155  8:36  Zergling x8  
  155  8:39  Zergling x2  
  155  8:40  Mutalisk  
  155  8:41  Mutalisk  
  159  8:44  Mutalisk  
  159  8:48  Zergling x10  
  155  8:50  Mutalisk  
  155  8:54  Mutalisk  
  158  8:58  Mutalisk  
  158  9:02  Zergling x2  
  161  9:03  Zergling x18  
  161  9:04  Zergling x2  
  161  9:09  Hatchery  
  169  9:14  Mutalisk  
  169  9:15  Mutalisk  
  170  9:18  Mutalisk  
  165  9:30  Overlord  
  165  9:34  Overlord  
  162  9:39  Overlord  
  162  9:40  Mutalisk  
  162  9:41  Overlord  
  162  9:43  Mutalisk x2, Overlord  
  159  9:49  Overlord x4  
  159  9:50  Overlord x4  
  159  9:51  Overlord x2  
  159  9:52  Mutalisk  
  150  9:54  Mutalisk  
  150  9:55  Mutalisk  
  150  9:58  Mutalisk  
  136  10:01  Mutalisk  
  136  10:05  Mutalisk  
  138  10:10  Mutalisk  
  138  10:12  Zergling x2  
  138  10:13  Zergling x6  
  141  10:20  Zergling x14  
  140  10:28  Zergling x2  
  135  10:29  Spine Crawler  
  135  10:33  Zergling x2  
  122  10:48  Zergling x4  
  124  10:51  Zergling x2  
  125  10:57  Zergling x4  
Tags
 
Add a new tag
Caveats
  • Supply blocks, unpowered buildings, or Contaminate may cause inaccurate times.
  • Supply counts are checked every 10 seconds.